 Dungeon Crawl Stone Soup version 0.29-a0-418-gc0181ea820 (webtiles) character file.

Game seed: 9258463163446766258

847 sammy202020 the Skirmisher (level 7, 0/56 HPs)
             Began as a Demonspawn Berserker on May 17, 2022.
             Was a Believer of Trog.
             Slain by an iguana (7 damage)
             ... on level 6 of the Dungeon.
             The game lasted 00:06:17 (5464 turns).

sammy202020 the Skirmisher (Demonspawn Berserker)   Turns: 5464, Time: 00:06:17

Health: 0/56       AC: -3    Str: 17    XL:     7   Next: 68%
Magic:  7/7        EV: 11    Int: 10    God:    Trog [**....]
Gold:   230        SH:  0    Dex: 13    Spells: 6/6 levels left

rFire   . . .      SeeInvis .   o - +0 war axe
rCold   . . .      Faith    .   (no shield)
rNeg    . . .      Spirit   .   k - +0 ring mail
rPois   .          Reflect  .   (no helmet)
rElec   .          Harm     .   n - +0 cloak
rCorr   .          Rampage  .   (gloves unavailable)
Will    .....                   (no boots)
Stlth   +.........              (no amulet)
HPRegen 0.18/turn               (no ring)
MPRegen 0.10/turn               (no ring)

@: corroded
A: icy blue scales 1, foul stench 1, demonic touch 3
a: Renounce Religion, Berserk, Trog's Hand


You were on level 6 of the Dungeon.
You worshipped Trog.
Trog was pleased with you.
You visited 1 branch of the dungeon, and saw 6 of its levels.

You collected 230 gold pieces.

Inventory:

Hand Weapons
 o - a +0 war axe (weapon)
 q - a +0 mace
Armour
 k - a +0 ring mail (worn)
 n - a +0 cloak (worn)
Jewellery
 i - an amulet of magic regeneration
Wands
 m - a wand of mindburst (9)
Scrolls
 d - 4 scrolls of teleportation
 g - a scroll of enchant weapon
 p - 2 scrolls of silence
 t - a scroll of magic mapping
 w - a scroll of fear
Potions
 a - a potion of mutation {unknown}
 b - a potion of degeneration {unknown}
 c - 3 potions of invisibility
 e - 2 potions of lignification {unknown}
 f - 2 potions of curing
 h - a potion of brilliance {unknown}
 j - a potion of resistance {unknown}
 l - 2 potions of berserk rage {unknown}
 r - a potion of flight {unknown}
 s - a potion of might {unknown}
 u - a potion of heal wounds {unknown}
 v - a potion of ambrosia {unknown}


   Skills:
 * Level 5.3 Fighting
 * Level 4.8 Axes
 + Level 3.2 Armour
 + Level 3.2 Dodging
 * Level 3.5 Unarmed Combat


You had 6 spell levels left.
You didn't know any spells.
Your spell library was empty.

Dungeon Overview and Level Annotations

Branches:
Dungeon (6/15)             Temple (0/1) D:5

Altars:
Dithmenos
Fedhas
Ru
Sif Muna
Wu Jian
Zin

Shops:
D:3 [[:?   D:5 [   D:6 [


Innate Abilities, Weirdness & Mutations

You are partially covered in icy blue scales. (AC +2)
You may rarely emit foul miasma when damaged in melee.
Your touch may irresistibly damage your foes and sap their willpower.


Message History

The ogre is severely wounded.
The ogre closely misses you.
You hit the ogre.
The ogre is severely wounded.
The ogre hits you with a +0 giant club!
You emit a cloud of foul miasma!
You slash the ogre!
You kill the ogre!
Trog accepts your kill.
You hit the jelly. The acid corrodes you!
Your hands burn!
The jelly hits you.
You are splashed with acid!
* * * LOW HITPOINT WARNING * * *
You are too injured to fight recklessly!
You are too injured to fight recklessly!
You are too injured to fight recklessly!
You are too injured to fight recklessly!
You are too injured to fight recklessly!
You are too injured to fight recklessly!
You are too injured to fight recklessly!
You are too injured to fight recklessly!
You are too injured to fight recklessly!
You are too injured to fight recklessly!
You are too injured to fight recklessly!
You are too injured to fight recklessly!
You are too injured to fight recklessly!
You are too injured to fight recklessly!
You are too injured to fight recklessly!
You are too injured to fight recklessly!
Unknown command.
You hit the jelly. The acid corrodes you!
Your hands burn!
* * * LOW HITPOINT WARNING * * *
The jelly is moderately wounded.
The jelly hits you.
* * * LOW HITPOINT WARNING * * *
The acid corrodes you!
You are splashed with acid!
* * * LOW HITPOINT WARNING * * *
Unknown command.
It was a potion of curing.
You feel better. The jelly barely misses you.
The iguana hisses menacingly.
The iguana bites you!
You die...

#...............
................
.................
..............#..
#..>............P
.......⌠.⌠.....P
#.###..$.∩......P
...(..○@⌠.⌠.....P
......lJ#<.......
........#........
........#......._
..........##.##..
..........# .# .
..........# #
........... .....


You could see an iguana and a jelly.

Vanquished Creatures
  A black bear (D:4)
  An ogre (D:6)
  2 phantoms (D:5)
  A necrophage (D:3)
  A scorpion (D:5)
  An orc priest (D:5)
  3 jellies (D:5)
  A hound (D:4)
  An iguana (D:5)
  2 orc wizards (D:5)
  6 adders
  3 gnolls (D:5)
  An ufetubus (D:5)
  A worm (D:5)
  A dart slug (D:4)
  5 orcs
  7 bats
  11 endoplasms
  2 giant cockroaches
  5 hobgoblins
  4 jackals (D:1)
  4 kobolds
  6 quokkas
  7 ball pythons
  5 frilled lizards
  6 goblins
  5 rats
93 creatures vanquished.

Notes
Turn   | Place    | Note
-------+----------+-------------------------------------------
     0 | D:1      | sammy202020 the Demonspawn Berserker began the quest for
                  | the Orb.
     0 | D:1      | Reached XP level 1. HP: 18/18 MP: 1/1
   365 | D:1      | Gained mutation: Your touch may inflict minor irresistible
                  | damage on your foes. [demonic ancestry]
   365 | D:1      | Reached XP level 2. HP: 22/24 MP: 2/2
   846 | D:1      | You fall into a shaft and drop 1 floor!
   859 | D:2      | Gained mutation: Your touch may inflict irresistible damage
                  | on your foes. [demonic ancestry]
   859 | D:2      | Reached XP level 3. HP: 23/29 MP: 3/3
  1071 | D:2      | Reached ** piety under Trog
  1305 | D:1      | Found a faded altar of an unknown god.
  1859 | D:2      | Reached skill level 1 in Unarmed Combat
  2239 | D:3      | Found Noemadwu's Armour Boutique.
  2269 | D:3      | Found Lumazo's Magic Scroll Emporium.
  2332 | D:3      | Gained mutation: Your touch may irresistibly damage your
                  | foes and sap their willpower. [demonic ancestry]
  2332 | D:3      | Reached XP level 4. HP: 36/36 MP: 4/4
  2559 | D:3      | Noticed a necrophage
  2640 | D:3      | Killed a necrophage
  2718 | D:3      | Found Nuog's Book Shoppe.
  2960 | D:3      | Found Adimu's Armour Boutique.
  2976 | D:3      | Gained mutation: You are partially covered in icy blue
                  | scales. (AC +2) [demonic ancestry]
  2976 | D:3      | Reached XP level 5. HP: 42/42 MP: 5/5
  3134 | D:4      | Noticed a black bear
  3140 | D:4      | Killed a black bear
  3141 | D:4      | Reached skill level 4 in Fighting
  3258 | D:4      | Found an ornate altar of the Wu Jian Council.
  3355 | D:4      | Reached XP level 6. HP: 48/48 MP: 6/6
  3673 | D:5      | Entered Level 5 of the Dungeon
  3685 | D:5      | Found a shimmering blue altar of Sif Muna.
  4248 | D:5      | Found Lodbrok's Dragon-Slaying Spoils.
  4367 | D:5      | Found a staircase to the Ecumenical Temple.
  4677 | D:5      | Gained mutation: You may rarely emit foul miasma when
                  | damaged in melee. [demonic ancestry]
  4677 | D:5      | Reached XP level 7. HP: 29/55 MP: 7/7
  4865 | D:5      | Found a shadowy altar of Dithmenos.
  4932 | D:5      | Reached skill level 5 in Fighting
  5219 | D:5      | Found a sacrificial altar of Ru.
  5455 | D:6      | Found Qinnanut's Antique Armour Emporium.
  5455 | D:6      | Found a blossoming altar of Fedhas.
  5463 | D:6      | HP: 1/56 [acid (10)]
  5464 | D:6      | Slain by an iguana

Illustrated notes

Levels and vault maps discovered:
D:1:      tarquinn_simple_flora_water_a, layout_basic,
          shapermc_ecumenical_altar_starsandcircs
D:2:      layout_loops_corners
D:3:      layout_loops_cross, serial_shops, shop, nicolae_shop_trees,
          nicolae_shop_advertising_works [nicolae_subvault_shop_adworks], shop,
          minmay_misc_feat_diagonals, serial_bayou_pond_d,
          kennysheep_generic_room_15
D:4:      layout_gridville, kennysheep_mini_moat
D:5:      layout_basic, mainiacjoe_overflow_alcove_2,
          gammafunk_temple_overflow_wave, mainiacjoe_overflow_cross_hatched,
          minmay_temple_entry_glass, nicolae_shop_dragon_depot, st_stairs_14,
          minmay_misc_feat_iff, grunt_decor_one_mirror
D:6:      layout_rooms, mainiacjoe_overflow_boulevard, serial_shops,
          shop_fountains

Skill      XL: |  1  2  3  4  5  6  7 |
---------------+----------------------+-----
Axes           | 3 4 |  4.8
Dodging        | 2 3 |  3.2
Armour         | 2 3 |  3.2
Unarmed Combat | 1 2 3 |  3.5
Fighting       | 4 5 |  5.3

Action                   |  1- 3 |  4- 6 |  7- 9 || total
-------------------------+-------+-------+-------++-------
Melee: Hand axe          |   109 |    42 |       ||   151
       Touch             |    18 |    21 |     5 ||    44
       Punch             |     1 |     3 |       ||     4
       War axe           |       |    58 |    24 ||    82
  Use: Scroll            |     6 |     5 |       ||    11
       Potion            |       |       |     1 ||     1
 Stab: Sleeping          |     2 |       |       ||     2
Armor: Animal skin       |    22 |       |       ||    22
       Ring mail         |    18 |    32 |    17 ||    67
Dodge: Dodged            |    75 |    50 |     5 ||   130

Table legend: (Time is in decaauts)
 A = Elapsed time spent in this place.
 B = Non-inter-level travel time spent in this place.
 C = Inter-level travel time spent in this place.
 D = Time resting spent in this place.
 E = Time spent auto-exploring this place.
 F = Levels seen in this place.
 G = Mean time per level.
                   A        B        C        D        E       F      G
               +--------+--------+--------+--------+--------+-----+--------+
         Total |   5512 |   5415 |     97 |    165 |   4497 |   6 |  918.7 |
       Dungeon |   5512 |   5415 |     97 |    165 |   4497 |   6 |  918.7 |
               +--------+--------+--------+--------+--------+-----+--------+

Top non-repeatable levels by time:
     D:5: 1801 daAuts
     D:2: 1182 daAuts
     D:1: 1073 daAuts
     D:3: 836 daAuts
     D:4: 608 daAuts
     D:6: 10 daAuts
